| TOP OF THE 1ST |
|
Calgary Flames batting - Pitching for Roswell Invaders : RHP Mamadou Morand
|
|
Pitching: RHP Mamadou Morand
|
|
|
Batting: RHB Jim Harkness
|
0-0: Ball 1-0: Ball 2-0: Fly out, F7 (Flyball, 7S, EV 88.1 MPH)
|
|
Batting: RHB Juan Mercado
|
0-0: Foul Ball, location: 2F 0-1: Ball 1-1: Swinging Strike 1-2: Ball 2-2: Foul Ball, location: 2F 2-2: Strikes out swinging
|
|
Batting: LHB Li-zhu Song
|
0-0: Called Strike 0-1: Swinging Strike 0-2: Strikes out looking
|
| Top of the 1st over - 0 runs, 0 hits, 0 errors, 0 left on base; Calgary 0 - Roswell 0 |
| BOTTOM OF THE 1ST |
|
Roswell Invaders batting - Pitching for Calgary Flames : LHP Tony Duque
|
|
Pitching: LHP Tony Duque
|
|
|
Batting: LHB Nick Walker
|
0-0: Foul Ball, location: 2F 0-1: Ground out 4-3 (Groundball, 4, EV 100.6 MPH)
|
|
Batting: RHB T.J. House
|
0-0: Ball 1-0: Called Strike 1-1: Swinging Strike 1-2: Strikes out swinging
|
|
Batting: RHB Juan Mejia
|
0-0: Foul Ball, location: 2F 0-1: Ground out 5-3 (Groundball, 56, EV 92.5 MPH)
|
| Bottom of the 1st over - 0 runs, 0 hits, 0 errors, 0 left on base; Calgary 0 - Roswell 0 |
| TOP OF THE 2ND |
|
Calgary Flames batting - Pitching for Roswell Invaders : RHP Mamadou Morand
|
|
Batting: SHB Steve Wipf
|
0-0: Ball 1-0: Ball 2-0: Ball 3-0: Called Strike 3-1: Ground out 6-3 (Groundball, 4M, EV 81.9 MPH)
|
|
Batting: RHB Tyler Johnson
|
0-0: Ball 1-0: Ground out 5-3 (Groundball, 56, EV 80.6 MPH)
|
|
Batting: RHB Juan Maravilla
|
0-0: Ball 1-0: Ball 2-0: Called Strike 2-1: Fly out, F8 (Flyball, 8LM, EV 86.9 MPH)
|
| Top of the 2nd over - 0 runs, 0 hits, 0 errors, 0 left on base; Calgary 0 - Roswell 0 |
| BOTTOM OF THE 2ND |
|
Roswell Invaders batting - Pitching for Calgary Flames : LHP Tony Duque
|
|
Batting: RHB Shinichi Miyamoto
|
0-0: Ground out 6-3 (Groundball, 6, EV 87.5 MPH)
|
|
Batting: RHB Cullen Kelley
|
0-0: Ball 1-0: Called Strike 1-1: Swinging Strike 1-2: Strikes out looking
|
|
Batting: LHB Andy Fischer
|
0-0: Hit by Pitch
|
|
Batting: RHB Dan Long
|
0-0: Foul Ball, location: 2F 0-1: Called Strike 0-2: Strikes out looking
|
| Bottom of the 2nd over - 0 runs, 0 hits, 0 errors, 1 left on base; Calgary 0 - Roswell 0 |
| TOP OF THE 3RD |
|
Calgary Flames batting - Pitching for Roswell Invaders : RHP Mamadou Morand
|
|
Batting: LHB Greg Robertson
|
0-0: Ground out 3-1 (Groundball, 34, EV 101.9 MPH)
|
|
Batting: RHB Chad Stady
|
0-0: Ball 1-0: Ball 2-0: Fly out, F7 (Flyball, 7S, EV 75.0 MPH)
|
|
Batting: RHB Pablo Henriquez
|
0-0: SINGLE (Line Drive, 89M, EV 104.4 MPH)
|
|
Batting: RHB Jim Harkness
|
0-0: Ground out 4-3 (Groundball, 4, EV 88.8 MPH)
|
| Top of the 3rd over - 0 runs, 1 hit, 0 errors, 1 left on base; Calgary 0 - Roswell 0 |
| BOTTOM OF THE 3RD |
|
Roswell Invaders batting - Pitching for Calgary Flames : LHP Tony Duque
|
|
Batting: LHB Josh Snyder
|
0-0: Ball 1-0: Foul Ball, location: 2F 1-1: Ball 2-1: SINGLE (Groundball, 6MD, EV 101.2 MPH)
|
|
Batting: SHB Sandy Burke
|
0-0: Ball 1-0: Foul Ball, location: 2F 1-1: Swinging Strike 1-2: Ball 2-2: Fly out, F7 (Line Drive, 7LM, EV 88.8 MPH)
|
|
Batting: LHB Nick Walker
|
0-0: Ball 1-0: Called Strike 1-1: Swinging Strike 1-2: Ball 2-2: Strikes out looking
|
|
Batting: RHB T.J. House
|
0-0: Swinging Strike 0-1: Ball 1-1: Fly out, F7 (Line Drive, 7, EV 88.8 MPH)
|
| Bottom of the 3rd over - 0 runs, 1 hit, 0 errors, 1 left on base; Calgary 0 - Roswell 0 |
| TOP OF THE 4TH |
|
Calgary Flames batting - Pitching for Roswell Invaders : RHP Mamadou Morand
|
|
Batting: RHB Juan Mercado
|
0-0: Called Strike 0-1: Swinging Strike 0-2: Ground out U3 (Groundball, 34S, EV 81.2 MPH)
|
|
Batting: LHB Li-zhu Song
|
0-0: Ball 1-0: Foul Ball, location: 2F 1-1: Foul Ball, location: 2F 1-2: SINGLE (Groundball, 6MD, EV 98.1 MPH)
|
|
Batting: SHB Steve Wipf
|
0-0: Ball 1-0: Ball 2-0: Ball 3-0: Base on Balls Li-zhu Song to second
|
|
Batting: RHB Tyler Johnson
|
0-0: Ball 1-0: Ball 2-0: Called Strike 2-1: Called Strike 2-2: Ball 3-2: Fielders Choice at 2nd, 4-6 (Groundball, 4D, EV 106.2 MPH) Li-zhu Song to third
|
|
Batting: RHB Juan Maravilla
|
0-0: Foul Ball, location: 2F 0-1: Ball 1-1: Ball 2-1: Foul Ball, location: 2F 2-2: Strikes out swinging
|
| Top of the 4th over - 0 runs, 1 hit, 0 errors, 2 left on base; Calgary 0 - Roswell 0 |
| BOTTOM OF THE 4TH |
|
Roswell Invaders batting - Pitching for Calgary Flames : LHP Tony Duque
|
|
Batting: RHB Juan Mejia
|
0-0: Foul Ball, location: 2F 0-1: Called Strike 0-2: Ball 1-2: Ball 2-2: Ball 3-2: Foul Ball, location: 2F 3-2: Base on Balls
|
|
Batting: RHB Shinichi Miyamoto
|
0-0: Grounds into double play, 6-4-3 (Groundball, 6, EV 87.5 MPH)
|
|
Batting: RHB Cullen Kelley
|
0-0: Foul Ball, location: 2F 0-1: Fly out, F8 (Flyball, 89D, EV 90.6 MPH)
|
| Bottom of the 4th over - 0 runs, 0 hits, 0 errors, 0 left on base; Calgary 0 - Roswell 0 |
| TOP OF THE 5TH |
|
Calgary Flames batting - Pitching for Roswell Invaders : RHP Mamadou Morand
|
|
Batting: LHB Greg Robertson
|
0-0: Fly out, F6 (Line Drive, 56, EV 66.9 MPH)
|
|
Batting: RHB Chad Stady
|
0-0: Ball 1-0: Called Strike 1-1: Fly out, F6 (Popup, 6MD, EV 70.0 MPH)
|
|
Batting: RHB Pablo Henriquez
|
0-0: Called Strike 0-1: Ball 1-1: Ball 2-1: Called Strike 2-2: Ground out 5-3 (Groundball, 56S, EV 70.0 MPH)
|
| Top of the 5th over - 0 runs, 0 hits, 0 errors, 0 left on base; Calgary 0 - Roswell 0 |
| BOTTOM OF THE 5TH |
|
Roswell Invaders batting - Pitching for Calgary Flames : LHP Tony Duque
|
|
Batting: LHB Andy Fischer
|
0-0: Called Strike 0-1: Called Strike 0-2: Ball 1-2: Strikes out swinging
|
|
Batting: RHB Dan Long
|
0-0: Foul Ball, location: 2F 0-1: Foul Ball, location: 2F 0-2: Ball 1-2: Ball 2-2: Ground out 6-3 (Groundball, 6, EV 85.6 MPH)
|
|
Batting: LHB Josh Snyder
|
0-0: Swinging Strike 0-1: Swinging Strike 0-2: Ball 1-2: Strikes out swinging
|
| Bottom of the 5th over - 0 runs, 0 hits, 0 errors, 0 left on base; Calgary 0 - Roswell 0 |
| TOP OF THE 6TH |
|
Calgary Flames batting - Pitching for Roswell Invaders : RHP Mamadou Morand
|
|
Batting: RHB Jim Harkness
|
0-0: Called Strike 0-1: Foul Ball, location: 2F 0-2: Strikes out looking
|
|
Batting: RHB Juan Mercado
|
0-0: Foul Ball, location: 2F 0-1: Ball 1-1: Foul Ball, location: 2F 1-2: Ball 2-2: Strikes out swinging
|
|
Batting: LHB Li-zhu Song
|
0-0: Called Strike 0-1: Ball 1-1: Ball 2-1: Ball 3-1: Called Strike 3-2: Foul Ball, location: 2F 3-2: Strikes out swinging
|
| Top of the 6th over - 0 runs, 0 hits, 0 errors, 0 left on base; Calgary 0 - Roswell 0 |
| BOTTOM OF THE 6TH |
|
Roswell Invaders batting - Pitching for Calgary Flames : LHP Tony Duque
|
|
Batting: SHB Sandy Burke
|
0-0: Ball 1-0: Called Strike 1-1: Called Strike 1-2: Strikes out swinging
|
|
Batting: LHB Nick Walker
|
0-0: Ball 1-0: Foul Ball, location: 2F 1-1: Called Strike 1-2: Ball 2-2: Foul Ball, location: 2F 2-2: Foul Ball, location: 2F 2-2: Fly out, F4 (Line Drive, 4, EV 75.6 MPH)
|
|
Batting: RHB T.J. House
|
0-0: Called Strike 0-1: Foul Ball, location: 2F 0-2: Strikes out looking
|
| Bottom of the 6th over - 0 runs, 0 hits, 0 errors, 0 left on base; Calgary 0 - Roswell 0 |
| TOP OF THE 7TH |
|
Calgary Flames batting - Pitching for Roswell Invaders : RHP Mamadou Morand
|
|
Batting: SHB Steve Wipf
|
0-0: Ball 1-0: Called Strike 1-1: Foul Ball, location: 2F 1-2: Ball 2-2: Ball 3-2: Foul Ball, location: 2F 3-2: Foul Ball, location: 2F 3-2: Ground out 5-3 (Groundball, 56, EV 104.4 MPH)
|
|
Batting: RHB Tyler Johnson
|
0-0: Foul Ball, location: 2F 0-1: Foul Ball, location: 2F 0-2: Ball 1-2: Ball 2-2: Strikes out swinging
|
|
Batting: RHB Juan Maravilla
|
0-0: Ball 1-0: Ball 2-0: Foul Ball, location: 2F 2-1: Foul Ball, location: 2F 2-2: Foul Ball, location: 2F 2-2: Ball 3-2: Fly out, F8 (Flyball, 8RXD, EV 110.6 MPH)
|
| Top of the 7th over - 0 runs, 0 hits, 0 errors, 0 left on base; Calgary 0 - Roswell 0 |
| BOTTOM OF THE 7TH |
|
Roswell Invaders batting - Pitching for Calgary Flames : LHP Tony Duque
|
|
Batting: RHB Juan Mejia
|
0-0: Called Strike 0-1: Called Strike 0-2: Strikes out looking
|
|
Batting: RHB Shinichi Miyamoto
|
0-0: Foul Ball, location: 2F 0-1: Ball 1-1: Called Strike 1-2: Ground out 3-1 (Groundball, 13, EV 89.4 MPH)
|
|
Batting: RHB Cullen Kelley
|
0-0: Called Strike 0-1: Called Strike 0-2: Ball 1-2: Strikes out swinging
|
| Bottom of the 7th over - 0 runs, 0 hits, 0 errors, 0 left on base; Calgary 0 - Roswell 0 |
| TOP OF THE 8TH |
|
Calgary Flames batting - Pitching for Roswell Invaders : RHP Mamadou Morand
|
|
Pinch Hitting: SHB Shawnie Codbucket
|
0-0: Called Strike 0-1: Ball 1-1: Called Strike 1-2: Ground out 5-3 (Groundball, 56, EV 104.4 MPH)
|
|
Pinch Hitting: LHB Bruce Daley
|
0-0: Foul Ball, location: 2F 0-1: Ball 1-1: Ball 2-1: Swinging Strike 2-2: SINGLE (Line Drive, 78S, EV 86.2 MPH)
|
|
Pitching: LHP John van Asten
|
|
|
Batting: RHB Pablo Henriquez
|
0-0: Called Strike 0-1: Foul Ball, location: 2F 0-2: Foul Ball, location: 2F 0-2: Ball 1-2: Ball 2-2: Ball 3-2: Strikes out swinging
|
|
Batting: RHB Jim Harkness
|
0-0: Foul Ball, location: 2F 0-1: Ball 1-1: Swinging Strike 1-2: Ball 2-2: Ball 3-2: Base on Balls Bruce Daley to second
|
|
Pinch Runner at 2nd Willie Torres:
|
|
|
Batting: RHB Juan Mercado
|
0-0: Fielders Choice at 2nd, U6 (Groundball, 6M, EV 86.2 MPH)
|
| Top of the 8th over - 0 runs, 1 hit, 0 errors, 2 left on base; Calgary 0 - Roswell 0 |
| BOTTOM OF THE 8TH |
|
Roswell Invaders batting - Pitching for Calgary Flames : LHP Tony Duque
|
|
Pitching: RHP Dylan Aceituno
|
|
|
Now at C: Shawnie Codbucket
|
|
|
Now in RF: Alejandro Patron
|
|
|
Pinch Hitting: RHB Hidemitsu Matsuno
|
0-0: Ground out 1-3 (Groundball, 34S, EV 71.2 MPH)
|
|
Batting: LHB Ivan Cortez
|
0-0: Ball 1-0: Called Strike 1-1: Foul Ball, location: 2F 1-2: Strikes out swinging
|
|
Batting: LHB Josh Snyder
|
0-0: Called Strike 0-1: Ball 1-1: Ball 2-1: Ball 3-1: Base on Balls
|
|
Batting: SHB Sandy Burke
|
0-0: Called Strike 0-1: Swinging Strike 0-2: Ball 1-2: Strikes out swinging
|
| Bottom of the 8th over - 0 runs, 0 hits, 0 errors, 1 left on base; Calgary 0 - Roswell 0 |
| TOP OF THE 9TH |
|
Calgary Flames batting - Pitching for Roswell Invaders : LHP John van Asten
|
|
Now in LF: Matt Satterfield
|
|
|
Batting: LHB Li-zhu Song
|
0-0: Foul Ball, location: 2F 0-1: Ball 1-1: Ground out 4-3 (Groundball, 4, EV 84.4 MPH)
|
|
Batting: SHB Steve Wipf
|
0-0: Called Strike 0-1: Called Strike 0-2: Ball 1-2: Foul Ball, location: 2F 1-2: Ball 2-2: Foul Ball, location: 2F 2-2: Foul Ball, location: 2F 2-2: Ball 3-2: Base on Balls
|
|
Batting: RHB Tyler Johnson
|
0-0: Foul Ball, location: 2F 0-1: Ball 1-1: Fielders Choice at 2nd, 3-6 (Groundball, 34, EV 90.0 MPH)
|
|
Batting: RHB Juan Maravilla
|
0-0: Ball 1-0: Foul Ball, location: 2F 1-1: Ball 2-1: Called Strike Tyler Johnson steals 2nd, throwing error, E2 Tyler Johnson to third 2-2: Foul Ball, location: 2F 2-2: Foul Ball, location: 2F 2-2: 2-RUN HOME RUN (Flyball, 7D, EV 100.6 MPH), Distance : 387 ft
|
|
Batting: SHB Shawnie Codbucket
|
0-0: Foul Ball, location: 2F 0-1: Swinging Strike 0-2: Ball 1-2: Ball 2-2: Ground out 1-3 (Groundball, 15S, EV 71.2 MPH)
|
| Top of the 9th over - 2 runs, 1 hit, 1 error, 0 left on base; Calgary 2 - Roswell 0 |
| BOTTOM OF THE 9TH |
|
Roswell Invaders batting - Pitching for Calgary Flames : RHP Dylan Aceituno
|
|
Pitching: RHP David Lewis
|
|
|
Batting: LHB Nick Walker
|
0-0: Ground out 6-3 (Groundball, 4MS, EV 76.9 MPH)
|
|
Pinch Hitting: LHB Andrew Moore
|
0-0: Foul Ball, location: 2F 0-1: DOUBLE (Line Drive, 89D, EV 107.5 MPH)
|
|
Batting: RHB Juan Mejia
|
0-0: Ball 1-0: Foul Ball, location: 2F 1-1: Ball Wild Pitch! Andrew Moore to third 2-1: Foul Ball, location: 2F 2-2: 2-RUN HOME RUN (Flyball, 78XD, EV 105.6 MPH), Distance : 400 ft
|
|
Pinch Hitting: RHB Benjie Alejandro
|
0-0: Swinging Strike 0-1: Called Strike 0-2: Strikes out swinging
|
|
Pinch Hitting: RHB Jason Hanson
|
0-0: Foul Ball, location: 2F 0-1: Ball 1-1: Swinging Strike 1-2: Ball 2-2: Ball 3-2: Fly out, F8 (Flyball, 8RXD, EV 85.6 MPH)
|
| Bottom of the 9th over - 2 runs, 2 hits, 0 errors, 0 left on base; Calgary 2 - Roswell 2 |
| TOP OF THE 10TH |
|
Calgary Flames batting - Pitching for Roswell Invaders : LHP John van Asten
|
|
Pitching: LHP Tim Voshell
|
|
|
Now at C: Andrew Moore
|
|
|
Now at 1B: Danny Valentin
|
|
|
Now at SS: Benjie Alejandro
|
|
|
Batting: RHB Alejandro Patron
|
0-0: Ball 1-0: Ball 2-0: Ball 3-0: Ground out 5-3 (Groundball, 5, EV 92.5 MPH)
|
|
Batting: RHB Pablo Henriquez
|
0-0: Ball 1-0: Ball 2-0: Foul Ball, location: 2F 2-1: Ball 3-1: Base on Balls
|
|
Batting: RHB Jim Harkness
|
0-0: Called Strike 0-1: Foul Ball, location: 2F 0-2: Ball 1-2: Fly out, F7 (Flyball, 78S, EV 86.9 MPH)
|
|
Batting: RHB Juan Mercado
|
Pickoff Throw to First - Out! 1-3
|
| Top of the 10th over - 0 runs, 0 hits, 0 errors, 0 left on base; Calgary 2 - Roswell 2 |
| BOTTOM OF THE 10TH |
|
Roswell Invaders batting - Pitching for Calgary Flames : RHP David Lewis
|
|
Pinch Hitting: LHB Marshall Rives
|
0-0: Called Strike 0-1: Ball 1-1: SINGLE (Groundball, 4D, EV 98.8 MPH)
|
|
Batting: LHB Ivan Cortez
|
0-0: Fielders Choice at 2nd, 6-4 (Groundball, 56, EV 85.6 MPH)
|
|
Pinch Hitting: RHB Ray Bieber
|
0-0: Ball 1-0: Swinging Strike 1-1: Foul Ball, location: 2F 1-2: Strikes out swinging
|
|
Batting: SHB Sandy Burke
|
0-0: Ball 1-0: Ball Ivan Cortez steals 2nd base 2-0: Ball 3-0: Called Strike 3-1: Base on Balls
|
|
Pitching: LHP Trevor Lewis
|
|
|
Batting: LHB Nick Walker
|
0-0: Ball 1-0: Swinging Strike 1-1: Swinging Strike 1-2: Strikes out swinging
|
| Bottom of the 10th over - 0 runs, 1 hit, 0 errors, 2 left on base; Calgary 2 - Roswell 2 |
| TOP OF THE 11TH |
|
Calgary Flames batting - Pitching for Roswell Invaders : LHP Tim Voshell
|
|
Now in LF: Ray Bieber
|
|
|
Now in RF: Matt Tanner
|
|
|
Batting: RHB Juan Mercado
|
0-0: Foul Ball, location: 2F 0-1: Swinging Strike 0-2: Ball 1-2: Fly out, F3 (Popup, 3, EV 56.9 MPH)
|
|
Batting: LHB Li-zhu Song
|
0-0: Swinging Strike 0-1: Ball 1-1: Ball 2-1: Foul Ball, location: 2F 2-2: Fly out, F7 (Flyball, 7D, EV 91.9 MPH)
|
|
Batting: SHB Steve Wipf
|
0-0: Swinging Strike 0-1: Ground out 6-3 (Groundball, 6, EV 85.0 MPH)
|
| Top of the 11th over - 0 runs, 0 hits, 0 errors, 0 left on base; Calgary 2 - Roswell 2 |
| BOTTOM OF THE 11TH |
|
Roswell Invaders batting - Pitching for Calgary Flames : LHP Trevor Lewis
|
|
Batting: LHB Andrew Moore
|
0-0: Called Strike 0-1: Ball 1-1: SINGLE (Flyball, 7S, EV 92.5 MPH)
|
|
Pitching: RHP Nick Dey
|
|
|
Batting: RHB Juan Mejia
|
0-0: Called Strike 0-1: Called Strike 0-2: Ball 1-2: Foul Ball, location: 2F 1-2: Foul Ball, location: 2F 1-2: Ball 2-2: Strikes out swinging
|
|
Batting: RHB Benjie Alejandro
|
0-0: Swinging Strike 0-1: Fly out, F9 (Flyball, 89M, EV 88.8 MPH)
|
|
Batting: RHB Danny Valentin
|
0-0: Called Strike 0-1: Ball 1-1: Foul Ball, location: 2F 1-2: Foul Ball, location: 2F 1-2: Strikes out swinging
|
| Bottom of the 11th over - 0 runs, 1 hit, 0 errors, 1 left on base; Calgary 2 - Roswell 2 |
| TOP OF THE 12TH |
|
Calgary Flames batting - Pitching for Roswell Invaders : LHP Tim Voshell
|
|
Batting: RHB Tyler Johnson
|
0-0: Ball 1-0: SINGLE (Groundball, 56D, EV 96.2 MPH)
|
|
Batting: RHB Juan Maravilla
|
0-0: Called Strike Tyler Johnson is caught stealing 2nd base 2-4 0-1: Swinging Strike 0-2: Foul Ball, location: 2F 0-2: Ball 1-2: Foul Ball, location: 2F 1-2: Ball 2-2: SOLO HOME RUN (Flyball, 78XD, EV 101.9 MPH), Distance : 405 ft
|
|
Batting: SHB Shawnie Codbucket
|
0-0: Ball 1-0: Foul Ball, location: 2F 1-1: Ball 2-1: SOLO HOME RUN (Flyball, 7D, EV 99.4 MPH), Distance : 402 ft
|
|
Batting: RHB Alejandro Patron
|
0-0: Ball 1-0: Foul Ball, location: 2F 1-1: Called Strike 1-2: Ball 2-2: Foul Ball, location: 2F 2-2: Fly out, F8 (Flyball, 89M, EV 85.0 MPH)
|
|
Pitching: RHP Eddie Georges
|
|
|
Batting: RHB Pablo Henriquez
|
0-0: Ball 1-0: Called Strike 1-1: Foul Ball, location: 2F 1-2: Strikes out swinging
|
| Top of the 12th over - 2 runs, 3 hits, 0 errors, 0 left on base; Calgary 4 - Roswell 2 |
| BOTTOM OF THE 12TH |
|
Roswell Invaders batting - Pitching for Calgary Flames : RHP Nick Dey
|
|
Batting: LHB Matt Tanner
|
0-0: Ball 1-0: SOLO HOME RUN (Flyball, 9D, EV 101.9 MPH), Distance : 387 ft
|
|
Pitching: LHP Dong-u Jung
|
|
|
Batting: LHB Ivan Cortez
|
0-0: Called Strike 0-1: Foul Ball, location: 2F 0-2: Ball 1-2: Fly out, F9 (Flyball, 9D, EV 93.1 MPH)
|
|
Pitching: RHP John Smyth
|
|
|
Batting: RHB Ray Bieber
|
0-0: Swinging Strike 0-1: Ball 1-1: Swinging Strike 1-2: Strikes out looking
|
|
Batting: SHB Sandy Burke
|
0-0: Fly out, F9 (Flyball, 89M, EV 89.4 MPH)
|
| Bottom of the 12th over - 1 run, 1 hit, 0 errors, 0 left on base; Calgary 4 - Roswell 3 |
|